 Dungeon Crawl Stone Soup version 0.22-a0-358-g7563fe7 (webtiles) character file.

9 Kikal the Vexing (level 2, 0/11 HPs)
             Began as a Felid Enchanter on Apr 18, 2018.
             Killed from afar by a dart slug (5 damage)
             ... with a slug dart
             ... on level 1 of the Dungeon.
             The game lasted 00:01:08 (166 turns).

Kikal the Vexing (Felid Enchanter)                   Turns: 166, Time: 00:01:09

Health: 0/11       AC:  1    Str:  4    XL:     2   Next: 3%
Magic:  6/6        EV: 18    Int: 16    God:
Gold:   0          SH:  0    Dex: 16    Spells: 4/5 levels left
                                        Lives:  0   Deaths: 0

rFire    . . .     SeeInvis +     - Unarmed
rCold    . . .     Gourm    .   (shield unavailable)
rNeg     . . .     Faith    .   (armour unavailable)
rPois    .         Spirit   .   (helmet unavailable)
rElec    .         Reflect  .   (cloak unavailable)
rCorr    .         Harm     .   (gloves unavailable)
MR       .....                  (boots unavailable)
Stlth    +++.......             (no amulet)
HPRegen  0.03/turn              (no ring)
MPRegen  0.10/turn              (no ring)

@: quick
A: very small, no armour, no weapons or thrown items, stealth, claws 1, fangs 3,
see invisible, carnivore, speed 1, shaggy fur 1, slow metabolism 1, sharp paws
a: no special abilities


You were on level 1 of the Dungeon.
You were not hungry.

You visited 1 branch of the dungeon, and saw 1 of its levels.

Inventory:

Comestibles
 b - 2 rations


   Skills:
 - Level 2.6 Dodging
 + Level 4.2 Stealth
 * Level 1.5 Unarmed Combat
 + Level 2.1 Spellcasting
 + Level 4.6 Hexes


You had 4 spell levels left.
You knew the following spells:

 Your Spells              Type           Power        Failure   Level  Hunger
a - Corona                Hex            ###....      3%          1    #......


Dungeon Overview and Level Annotations

Branches:
Dungeon (1/15)

Altars:


Innate Abilities, Weirdness & Mutations

You cannot wear armour.
You are incapable of wielding weapons or throwing items.
Your paws allow you to move quietly. (Stealth)
You have sharp claws.
You have razor-sharp teeth.
You have supernaturally acute eyesight. (SInv)
You are carnivorous and can eat meat at any time.
You cover ground quickly.
You are covered in fur. (AC +1)
You have a slow metabolism.
Your sharp claws are effective at attacking unaware monsters.


Message History

You scratch the dart slug.
You scratch the dart slug but do no damage.
The dart slug bites you but does no damage.
You scratch the dart slug but do no damage.
The dart slug bites you.
You take 1 damage, and have 6/11 hp.
You scratch the dart slug but do no damage.
You scratch the dart slug but do no damage.
The dart slug bites you.
You take 1 damage, and have 5/11 hp.
You scratch the dart slug but do no damage.
The dart slug completely misses you.
You scratch the dart slug.
You scratch the dart slug but do no damage.
You bite the dart slug, but do no damage.
The dart slug closely misses you.
You scratch the dart slug. You bite the dart slug.
The dart slug stops glowing.
The dart slug launches a dart at you. The slug dart hits you!
You die...

###############
#......<......#
#.............#
##...#####w..##
#w..## ##@..# ##...#
#...## #...###...#
##(..#...## .g.#
#..)#...###.#..
##.....##......#
#.....#.......#####.
##...##............
#...#...........#


You could see a dart slug.

Vanquished Creatures
  An ooze (D:1)
  A giant cockroach (D:1)
  A goblin (D:1)
  A hobgoblin (D:1)
4 creatures vanquished.

Notes
Turn   | Place    | Note
-------+----------+-------------------------------------------
     0 | D:1      | Kikal the Felid Enchanter began the quest for the Orb.
     0 | D:1      | Reached XP level 1. HP: 7/7 MP: 4/4
   103 | D:1      | Reached XP level 2. HP: 5/11 MP: 3/6
   166 | D:1      | Killed from afar by a dart slug

Vault maps used:
D:1:      lemuel_arrival_funnel, corexii_item_surrounded_by_moat

Action                   || total
-------------------------++-------
Melee: Unarmed           ||    21
       Bite              ||     3
 Cast: Corona            ||     6
 Stab: Sleeping          ||     1
Armor: Skin              ||     1
Dodge: Dodged            ||    18

Table legend:
 A = Spawn XP
 B = Non-spawn XP
 C = Spawn XP percentage of total XP
 D = Spawn monster count
 E = Non-spawn monster count
 F = Spawn count percentage of total count
 G = Total turns spent on level
                    A         B        C        D         E        F      G
               +---------+---------+-------+---------+---------+-------+---------
         Total |       0 |      13 |   0.0 |       0 |       4 |   0.0 |   166
               +---------+---------+-------+---------+---------+-------+---------
           D:1 |       0 |      13 |   0.0 |       0 |       4 |   0.0 |   166
               +---------+---------+-------+---------+---------+-------+---------
